 Dungeon Crawl Stone Soup version 0.15.2 (webtiles) character file.

91 RottenBandages the Insei (level 4, 0/35 HPs)
             Began as a Mummy Monk on Oct 28, 2015.
             Killed from afar by Terence (6 damage)
             ... with a wand of magic darts
             ... on Level 3 of the Dungeon.
             The game lasted 00:03:24 (2251 turns).

RottenBandages the Insei (Mummy Monk)               Turns: 2251, Time: 00:03:24

HP   0/35        AC  3     Str 14      XL: 4   Next: 34%
MP   4/4         EV 15     Int  9      God:
Gold 71          SH  0     Dex 15      Spells:  0 memorised,  3 levels left

rFire  . . .     SeeInvis .       - Unarmed
rCold  . . .     Clarity  .     g - +0 leather armour
rNeg   + + +     rCorr    .     (no shield)
rPois  +         rRot     +     (no helmet)
rElec  .         Spirit   .     (no cloak)
SustAb .         Warding  .     (no gloves)
rMut   .         Stasis   .     (no boots)
Gourm  .                        (no amulet)
MR     .....                    b - +3 ring of evasion
                                k - ring of fire

@: not resistant to hostile enchantments, unstealthy
A: no food or potions, fire vulnerability, restore body, cold resistance 1,
negative energy resistance 3, poison resistance, torment resistance, unbreathing
a: no special abilities


You were on level 3 of the Dungeon.
You were not hungry.

You visited 1 branch of the dungeon, and saw 3 of its levels.

You collected 71 gold pieces.


Innate Abilities, Weirdness & Mutations

You do not eat or drink.
Your flesh is vulnerable to fire.
Your flesh is cold resistant.
You are immune to negative energy.
Your system is resistant to poisons.
You are immune to unholy pain and torment.
You can survive without breathing.


   Skills:
 - Level 3.0 Fighting
 - Level 2.4 Dodging
 - Level 1.5 Stealth
 + Level 4.8 Unarmed Combat


You had 3 spell levels left.
You didn't know any spells.

Inventory:

Armour
 a - a +0 robe
 g - a +0 leather armour (worn)
Scrolls
 c - a scroll of blinking
 d - 4 scrolls of remove curse
 e - a scroll of enchant weapon
 h - a scroll of noise {!r}
 i - a scroll of teleportation {unknown}
 j - a scroll of fear
Jewellery
 b - a +3 ring of evasion (right hand)
 f - an uncursed ring of see invisible
 k - a ring of fire (left hand)

Dungeon Overview and Level Annotations

Branches:
Dungeon (3/15)

Altars:
Fedhas

Annotations:
D:3 Terence

#.# #.# #..... #.#
##.#####...
##.#####.#........
#.........#####.#.
#..######.# #.##
#..# #.# #.# #..#
#.# #.# #..####
#.# #.# #M..%.#
#.. ..#
#.##..##### ..#
#.##...... .
#@#.....###
#.rr.....>.
#£#....?###
#.##...## #.# #.##
#.# .#


You could see Terence and a quokka.


Message History

You hit the ooze.
The ooze is severely wounded.
The ooze barely misses you.
You barely miss the ooze.
The ooze is severely wounded.
You hit the ooze.
You kill the ooze!
No target in view!
No target in view!
A quokka comes into view.
Found a stone staircase leading down.
A quokka is nearby!
A quokka is nearby!
Terence the Incautious comes into view.
He is wielding a runed morningstar.
Terence zaps a wand.
The magic dart hits you!
You hit Terence but do no damage.
Terence zaps a wand.
The magic dart hits you!
* * * LOW HITPOINT WARNING * * *
You hit Terence but do no damage.
Terence says, "Time to say good-bye..."
Terence zaps a wand.
The magic dart hits you!
* * * LOW HITPOINT WARNING * * *
You punch Terence!
Terence is moderately wounded.
Terence barely misses you.
You hit Terence but do no damage.
Terence is moderately wounded.
Terence zaps a wand.
The magic dart hits you!
* * * LOW HITPOINT WARNING * * *
Terence zaps a wand.
The magic dart hits you!
You die...

Action                   |  1- 3 |  4- 6 || total
-------------------------+-------+-------++-------
Melee: Unarmed           |   201 |    11 ||   212
Throw: Javelin           |     2 |       ||     2
  Use: Scroll            |     5 |       ||     5
 Stab: Sleeping          |     1 |     1 ||     2

Vault maps used:
D:1:      lordsloth_arrival_two_stooges, hangedman_abyss_or_decor_stabs
D:2:      lemuel_doored_altar, hangedman_decor_riveting
D:3:      vehumet_altar_wand_db, first_bread, minmay_statues_item, uniq_terence

Notes
Turn   | Place    | Note
--------------------------------------------------------------
     0 | D:1      | RottenBandages, the Mummy Monk, began the quest for the Orb.
     0 | D:1      | Reached XP level 1. HP: 18/18 MP: 1/1
   295 | D:1      | Reached XP level 2. HP: 22/24 MP: 2/2
   739 | D:1      | Reached skill level 4 in Unarmed Combat
  1134 | D:2      | Reached XP level 3. HP: 24/29 MP: 3/3
  1272 | D:2      | Found a blossoming altar of Fedhas.
  1954 | D:2      | Reached XP level 4. HP: 20/35 MP: 4/4
  2243 | D:3      | Noticed Terence
  2251 | D:3      | Killed from afar by Terence

Vanquished Creatures
  An orc priest (D:2)
  A worm (D:2)
  3 giant geckos (D:1)
  2 oozes
  2 orcs
  4 bats
  2 giant cockroaches (D:2)
  6 hobgoblins
  A quokka (D:2)
  3 ball pythons
  3 giant newts
  8 goblins
  5 kobolds (D:1)
  6 rats
47 creatures vanquished.
